 Dungeon Crawl Stone Soup version 0.23-a0-61-g4bf3f6c (webtiles) character file.

35 Amnesiac the Conjurer (level 3, 0/24 HPs)
             Began as a Mummy Conjurer on Aug 9, 2018.
             Slain by a killer bee (8 damage)
             ... on level 3 of the Dungeon.
             The game lasted 00:01:53 (1214 turns).

Amnesiac the Conjurer (Mummy Conjurer)              Turns: 1214, Time: 00:01:53

Health: 0/24       AC:  2    Str: 11    XL:     3   Next: 17%
Magic:  8/8        EV: 12    Int: 15    God:
Gold:   90         SH:  0    Dex: 12    Spells: 6/9 levels left

rFire    x . .     SeeInvis .   (no weapon)
rCold    + . .     Gourm    .   (no shield)
rNeg     + + +     Faith    .   a - +0 robe
rPois    ∞         Spirit   .   (no helmet)
rElec    .         Reflect  .   (no cloak)
rCorr    .         Harm     .   (no gloves)
MR       .....                  (no boots)
Stlth    ++........             (no amulet)
HPRegen  0.08/turn              (no ring)
MPRegen  0.11/turn              (no ring)

@: no status effects
A: no food or potions, fire vulnerability, cold resistance 1, negative energy
resistance 3, torment resistance, unbreathing
a: no special abilities


You were on level 3 of the Dungeon.
You were not hungry.

You visited 1 branch of the dungeon, and saw 3 of its levels.

You collected 90 gold pieces.

Inventory:

Missiles
 b - 70 sling bullets
 e - 61 stones (quivered)
Armour
 a - a +0 robe (worn)
 h - a +0 large shield
Jewellery
 g - a +3 ring of strength {unknown}
Wands
 j - a wand of acid (3)
Scrolls
 c - a scroll of remove curse {!r, unknown}
 f - 4 scrolls of identify {!r, unknown}
 i - a scroll of teleportation {!r, unknown}


   Skills:
 - Level 1.5 Dodging
 - Level 1.5 Stealth
 + Level 3.6 Spellcasting
 * Level 3.8 Conjurations


You had 6 spell levels left.
You knew the following spells:

 Your Spells              Type           Power        Failure   Level  Hunger
a - Magic Dart            Conj           ##..         3%          1    N/A
d - Searing Ray           Conj           ##....       6%          2    N/A

Your spell library contained the following spells:

 Spells                   Type           Power        Failure   Level  Hunger
 Iskenderun's Mystic Bla  Conj           ##......     36%         4    N/A
 Fulminant Prism          Conj/Hex       #.........   63%         4    N/A
 Dazzling Spray           Conj/Hex       #.....       26%         3    N/A
 Force Lance              Conj/Tloc      #.......     63%         4    N/A

Dungeon Overview and Level Annotations

Branches:
Dungeon (3/15)

Altars:


Innate Abilities, Weirdness & Mutations

You do not eat or drink.
Your flesh is vulnerable to fire.
You are immune to poison.
Your flesh is cold resistant. (rC+)
You are immune to negative energy. (rN+++)
You are immune to unholy pain and torment.
You can survive without breathing.


Message History

The tomahawk hits the rat but does no damage.
The rat is severely wounded.
The rat barely misses you. The rat bites you but does no damage.
The rat bites you.
Throwing (i - inventory. (/) - cycle)
d - 5 tomahawks (quivered)
Press: ? - help, Shift-Dir - straight line, f/p - rat
Aim: a rat (severely wounded)
You throw a tomahawk. The tomahawk hits the rat.
You kill the rat!
The rat bites you.
Throwing (i - inventory. (/) - cycle)
d - 4 tomahawks (quivered)
Press: ? - help, Shift-Dir - straight line, f - rat
Aim: a rat You throw a tomahawk.
The tomahawk closely misses the rat.
The rat bites you.
Throwing (i - inventory. (/) - cycle)
d - 3 tomahawks (quivered)
Press: ? - help, Shift-Dir - straight line, f/p - rat
Aim: a rat You throw a tomahawk.
The tomahawk barely misses the rat.
The rat bites you but does no damage.
A worm comes into view.
The rat misses you.
Throwing (i - inventory. (/) - cycle)
d - 2 tomahawks (quivered)
Press: ? - help, Shift-Dir - straight line, f/p - rat
Aim: a rat You throw a tomahawk.
The tomahawk hits the rat.
You kill the rat!
Throwing (i - inventory. (/) - cycle)
d - a tomahawk (quivered)
Press: ? - help, Shift-Dir - straight line, f - worm
Aim: a worm You throw a tomahawk.
The tomahawk hits the worm.
The worm is lightly wounded.
You climb upwards.
There is a stone staircase leading down here.
You start resting.
HP restored.
You start resting.
Magic restored.
You start resting.
Magic restored.
You climb downwards.
The worm bites you.
There is a stone staircase leading up here.
A killer bee comes into view.
A kobold comes into view. It is wielding a dagger.
A killer bee and a kobold come into view.
The killer bee buzzes angrily.
You hear a shout!
The kobold shouts!
You hear a bark!
You hear an angry hiss.
A killer bee comes into view. x3
You hear an angry buzzing noise.
You hear a bark!
The kobold shouts!
You hear a bark! 3 jackals and a killer bee come into view.
The killer bee buzzes angrily. x2; The jackal barks!
The killer bee buzzes angrily.
A jackal comes into view.
The kobold throws a stone.
The stone hits you but does no damage.
A frilled lizard comes into view.
The killer bee buzzes angrily.
You hear an angry hiss.
You see here a stone.
The killer bee stings you. The worm barely misses you.
The killer bee stings you. The killer bee stings you.
* * * LOW HITPOINT WARNING * * *
The killer bee barely misses you.
There is a stone staircase leading up here.
The killer bee barely misses you. The killer bee stings you!
You die...

...........
#......(.... .
#......(... ..
#.......... ...
#......... ..hh
#...†..<.#####yy...
#...........KKh...y
......(yw..(.#
##....@yy##..y...h
#.#...y.....###..
##....##### ###..#
####


You could see a worm, 5 killer bees, a jackal and 2 kobolds.

Vanquished Creatures
  An adder (D:3)
  A worm (D:2)
  2 dart slugs
  4 goblins
  2 hobgoblins (D:1)
  A quokka (D:2)
  2 bats (D:1)
  2 frilled lizards (D:1)
  3 kobolds (D:1)
  3 rats
21 creatures vanquished.

Notes
Turn   | Place    | Note
-------+----------+-------------------------------------------
     0 | D:1      | Amnesiac the Mummy Conjurer began the quest for the Orb.
     0 | D:1      | Reached XP level 1. HP: 13/13 MP: 4/4
   534 | D:1      | Reached XP level 2. HP: 19/19 MP: 4/6
   538 | D:1      | Learned a level 2 spell: Searing Ray
  1136 | D:3      | Reached XP level 3. HP: 23/24 MP: 2/8
  1207 | D:3      | Noticed a killer bee
  1208 | D:3      | Noticed a killer bee
  1208 | D:3      | Noticed a killer bee
  1208 | D:3      | Noticed a killer bee
  1208 | D:3      | Noticed a killer bee
  1209 | D:3      | Noticed a killer bee
  1214 | D:3      | Slain by a killer bee

Vault maps used:
D:1:      lemuel_arrival_room, minmay_surrounded
D:2:      zin_treasury
D:3:      grunt_temple_overflow_octagram, lemuel_coloured_pillars_altar,
          kennysheep_generic_room_9

Skill      XL: |  1 |
---------------+----+-----
Spellcasting   | 3 |  3.6
Dodging        | |  1.5
Stealth        | |  1.5
Conjurations   | |  3.8

Action                   || total
-------------------------++-------
Melee: Unarmed           ||    16
Throw: Tomahawk          ||    15
 Cast: Magic Dart        ||    42
       Searing Ray       ||     1
Armor: Robe              ||    11
Dodge: Dodged            ||    17

Table legend:
 A = Non-vault XP
 B = Vault XP
 C = Vault XP percentage of total XP
 D = Non-vault monster count
 E = Vault monster count
 F = Vault count percentage of total count
 G = Total turns spent on level
                 A         B        C        D         E       F
            +---------+---------+-------+---------+---------+-------
      Total |      46 |       5 |   9.8 |      17 |       4 |  19.0
            +---------+---------+-------+---------+---------+-------
        D:1 |      19 |       5 |  20.8 |      10 |       4 |  28.6
        D:2 |      12 |       0 |   0.0 |       4 |       0 |   0.0
        D:3 |      15 |       0 |   0.0 |       3 |       0 |   0.0
            +---------+---------+-------+---------+---------+-------
